Map: Acropolis LE

Players

Mez

  • Race: Terran Terran
  • League: Master
  • Spawn Location: 5:00

A.I. 1 (Very Easy) - Winner!

  • Race: Protoss Protoss
  • Spawn Location: 11:00

VOD

Have the link to the VOD?

Description

Time

  • Played on: Aug. 9, 2019, 5:24 p.m.
  • Length: 8:40
Show
View Real Time Build Order
Export as new Build Order

Mez Terran 

Build Orders: Reaper Expand 

Get SALT Encoding   

  12  0:01  SCV  
  13  0:14  SCV  
  14  0:18  Supply Depot  
  14  0:26  SCV  
  15  0:39  SCV  
  15  0:40  Barracks  
  16  0:45  Refinery  
  16  0:51  SCV  
  17  1:04  SCV  
  18  1:16  SCV  
  19  1:28  Orbital Command  
  19  1:29  Reaper  
  20  1:40  Command Center  
  20  1:47  Bunker  
  20  1:54  SCV  
  21  2:01  Barracks Reactor  
  21  2:02  Supply Depot  
  21  2:07  SCV  
  22  2:19  SCV  
  23  2:30  Command Center  
  23  2:33  SCV  
  24  2:40  Factory  
  24  2:45  Marine x2  
  24  2:47  SCV  
  27  2:55  Orbital Command  
  27  3:02  Refinery  
  27  3:03  SCV  
  28  3:06  Marine  
  28  3:07  Marine  
  30  3:15  SCV  
  31  3:23  SCV  
  31  3:24  Marine  
  31  3:25  Marine  
  31  3:26  Widow Mine  
  37  3:27  SCV  
  37  3:30  Starport  
  37  3:35  SCV  
  37  3:39  SCV  
  39  3:42  Orbital Command  
  39  3:45  Marine x2  
  39  3:48  Widow Mine, SCV  
  44  3:52  SCV  
  45  3:59  Refinery  
  45  4:00  SCV  
  46  4:03  Marine x2  
  46  4:06  SCV  
  46  4:08  Starport Tech Lab  
  46  4:09  Supply Depot  
  49  4:11  Factory Tech Lab  
  49  4:13  SCV x2  
  51  4:18  SCV  
  51  4:21  Marine x2  
  54  4:27  Raven  
  54  4:28  SCV  
  54  4:29  SCV  
  54  4:31  SCV  
  59  4:32  Supply Depot  
  59  4:34  Barracks  
  59  4:37  Siege Tank  
  62  4:39  Marine  
  62  4:41  SCV x2  
  62  4:44  SCV  
  66  4:53  SCV x2, Barracks  
  66  4:54  Marine  
  66  4:56  SCV, Marine  
  71  5:00  Refinery  
  71  5:05  SCV x2  
  73  5:08  SCV  
  73  5:09  Supply Depot  
  73  5:12  Siege Tank  
  77  5:19  Starport Reactor  
  77  5:28  Stimpack, Engineering Bay x2  
  77  5:30  SCV, Marine x3  
  77  5:31  Supply Depot  
  77  5:33  Supply Depot  
  81  5:42  Barracks  
  81  5:43  Barracks  
  81  5:48  Marine x2  
  83  5:53  SCV x3  
  83  5:55  Terran Infantry Armor Level 1, Terran Infantry Weapons Level 1, Factory Reactor  
  86  5:57  Marine, Supply Depot x2  
  86  5:58  Combat Shield, Marauder  
  86  6:03  Medivac  
  91  6:06  Marine, Medivac, Orbital Command  
  91  6:08  Marauder  
  96  6:22  Marine, Marauder  
  96  6:24  SCV x2  
  96  6:25  Refinery  
  101  6:35  Supply Depot  
  101  6:36  SCV x2  
  101  6:38  Barracks Reactor, Supply Depot, Marine, Barracks Tech Lab  
  101  6:39  Marauder  
  106  6:40  Marine  
  106  6:41  Medivac x2  
  106  6:44  Widow Mine x2, Marauder  
  117  6:52  Refinery  
  117  6:56  Supply Depot  
  117  6:57  SCV x3, Supply Depot  
  120  7:01  Supply Depot  
  120  7:03  Marine x2, Marauder x2  
  120  7:04  Marine, Supply Depot  
  120  7:07  Widow Mine  
  120  7:08  Widow Mine  
  131  7:14  SCV x2  
  133  7:17  SCV, Marine x2, Medivac x2  
  133  7:21  Supply Depot  
  140  7:23  Marauder, Supply Depot  
  140  7:27  Supply Depot  
  142  7:30  Widow Mine  
  142  7:31  Widow Mine, Marine, Marauder x2  
  142  7:33  Marine  
  142  7:35  SCV  
  153  7:40  Concussive Shells  
  153  7:46  Armory  
  153  7:54  Marine  
  153  7:55  Marine x3, Marauder x3  
  153  7:57  Widow Mine x2, Medivac x2  
  171  8:16  Marauder  
  173  8:22  Marine x3  
  180  8:27  Barracks  
  180  8:29  Barracks  
  180  8:30  Command Center  
  180  8:32  Barracks  
Show
View Real Time Build Order
Export as new Build Order

A.I. 1 (Very Easy) Protoss - Winner!

Build Orders:  

Get SALT Encoding   

  12  0:00  Probe  
  13  0:13  Probe  
  14  0:19  Pylon  
  14  0:37  Assimilator  
  14  0:43  Gateway  
  14  0:45  Pylon  
  14  1:15  Assimilator  
  14  1:22  Probe  
  14  1:30  Probe  
  14  1:32  Cybernetics Core  
  15  1:33  Zealot  
  15  1:38  Probe  
  19  1:49  Probe  
  20  1:59  Probe  
  20  2:08  Probe, Warp Gate  
  22  2:46  Stalker  
  24  6:26  Probe  
  24  7:21  Probe  
  24  7:26  Adept  
  24  7:27  Pylon  
  24  7:28  Robotics Facility  
  24  7:29  Probe  
  27  7:32  Nexus  
  27  7:37  Probe  
  28  7:45  Probe  
  25  8:17  Observer  
  26  8:25  Stalker  
Tags
 
Add a new tag
Caveats
  • Supply blocks, unpowered buildings, or Contaminate may cause inaccurate times.
  • Supply counts are checked every 10 seconds.